 Dungeon Crawl Stone Soup version 0.21.1-1-g345015f (webtiles) character file.

71 tyranidshit the Skirmisher (level 4, 0/39 HPs)
             Began as a Demonspawn Abyssal Knight on July 30, 2018.
             Was a Believer of Lugonu.
             Succumbed to a worker ant's poison
             ... on level 2 of the Dungeon.
             The game lasted 00:02:51 (1133 turns).

tyranidshit the Skirmisher (DsAK)                   Turns: 1133, Time: 00:02:51

Health: 0/39       AC:  6    Str: 12 (14) XL:     4   Next: 5%
Magic:  5/5        EV: 11    Int: 12 (13) God:    Lugonu [**....]
Gold:   107        SH:  0    Dex: 10 (12) Spells: 3/3 levels left

rFire    . . .     SeeInvis .   a - +1 hand axe
rCold    . . .     Gourm    .   (no shield)
rNeg     . . .     Faith    .   b - +1 leather armour
rPois    .         Spirit   .   (no helmet)
rElec    .         Reflect  .   (no cloak)
rCorr    .         Harm     .   (no gloves)
MR       .....                  (no boots)
Stlth    +.........             (no amulet)
HPRegen  0.13/turn              (no ring)
MPRegen  0.09/turn              (no ring)

@: lethally poisoned (0 -> -25)
A: talons 2, yellow scales 1
a: Depart the Abyss, Bend Space, Renounce Religion


You were on level 2 of the Dungeon.
You worshipped Lugonu.
Lugonu was pleased with you.
You were hungry.

You visited 1 branch of the dungeon, and saw 2 of its levels.
You visited the Abyss 1 time.

You collected 107 gold pieces.

Inventory:

Hand Weapons
 a - a +1 hand axe (weapon)
Armour
 b - a +1 leather armour (worn)
Jewellery
 g - an uncursed ring of teleportation
Scrolls
 h - 2 scrolls of identify
Comestibles
 c - 3 rations


   Skills:
 + Level 5.0 Fighting
 - Level 1.7 Axes
 - Level 1.7 Armour
 - Level 0.8 Dodging
 - Level 2.4 Invocations


You had 3 spell levels left.
You didn't know any spells.

Dungeon Overview and Level Annotations

Branches:
Dungeon (2/15)

Altars:


Innate Abilities, Weirdness & Mutations

You have razor-sharp toenails.
You are partially covered in yellow scales. (AC +2)


Message History

The worker ant closely misses you. The worker ant barely misses you.
You closely miss the worker ant.
The worker ant is heavily wounded.
The worker ant bites you.
* * * LOW HITPOINT WARNING * * *
You are lethally poisoned!
The worker ant poisons you!
You barely miss the worker ant. Your kick misses the worker ant.
The worker ant is heavily wounded.
* * * LOW HITPOINT WARNING * * *
You feel sick. The worker ant bites you.
* * * LOW HITPOINT WARNING * * *
You are more poisoned.
The worker ant poisons you! The worker ant bites you.
* * * LOW HITPOINT WARNING * * *
You are more poisoned.
The worker ant poisons you!
You barely miss the worker ant.
The worker ant is heavily wounded.
You die...

.# #.##.# #.# .# #.##.# #.#
.# #.#..# .# #.#.## .# #.#.#
.# #.#.# .# #.#(#
.####.#.####################
......#.........@a.....?....
############################


You could see a worker ant.

Vanquished Creatures
  2 adders (D:2)
  3 dart slugs
  A leopard gecko (D:2)
  4 bats
  6 goblins
  5 hobgoblins
  10 jackals
  3 kobolds
  3 frilled lizards (D:1)
  4 rats (D:1)
41 creatures vanquished.

Notes
Turn   | Place    | Note
-------+----------+-------------------------------------------
     0 | Abyss:1  | tyranidshit the Demonspawn Abyssal Knight began the quest for the Orb.
     0 | Abyss:1  | Reached XP level 1. HP: 18/18 MP: 2/2
   211 | Abyss:1  | Noticed a smoke demon
   222 | D:1      | Escaped the Abyss
   324 | D:1      | Reached * piety under Lugonu
   373 | D:1      | Gained mutation: You have sharp toenails. [demonic ancestry]
   373 | D:1      | Reached XP level 2. HP: 23/24 MP: 3/3
   455 | D:1      | Reached skill level 4 in Fighting
   509 | D:1      | Gained mutation: You are partially covered in yellow scales. (AC +2) [demonic ancestry]
   509 | D:1      | Reached XP level 3. HP: 22/30 MP: 4/4
   911 | D:2      | Reached ** piety under Lugonu
  1029 | D:2      | Gained mutation: You have razor-sharp toenails. [demonic ancestry]
  1029 | D:2      | Reached XP level 4. HP: 22/38 MP: 5/5
  1050 | D:2      | Reached skill level 5 in Fighting
  1133 | D:2      | Succumbed to a worker ant's poison

Skill      XL: |  1  2  3  4 |
---------------+-------------+-----
Fighting       | 4 5 |  5.0
Axes           | |  1.7
Armour         | |  1.7
Dodging        | |  0.8
Invocations    | |  2.4

Action                   |  1- 3 |  4- 6 || total
-------------------------+-------+-------++-------
Melee: Hand axe          |    97 |    11 ||   108
       Kick              |    14 |     1 ||    15
Invok: Depart the Abyss  |     1 |       ||     1
  Use: Scroll            |     4 |       ||     4
       Potion            |     4 |       ||     4
Armor: Leather armour    |    40 |     2 ||    42
Dodge: Dodged            |    65 |     7 ||    72
